[Event "1st Bangalore GM-Open-A 2024"]
[Site "Bangalore"]
[Date "2024.01.21"]
[Round "5.21"]
[White "Apoorv Kamble"]
[Black "Sankalp Gupta"]
[Result "0-1"]
[ECO "B68"]
[WhiteElo "2308"]
[BlackElo "2535"]
[Annotator "TA"]
[PlyCount "68"]
[EventDate "2024.01.20"]
[EventType "swiss"]
[EventCountry "IND"]
[SourceTitle "playchess.com"]
[Source "ChessBase"]
[SourceQuality "1"]
[TimeControl "5400+30"]

1. e4 c5 2. Nf3 Nc6 3. d4 cxd4 4. Nxd4 Nf6 5. Nc3 d6 6. Bg5 e6 7. Qd2 a6 8. O-O-O Bd7 9. f4 Be7 10. Nf3 b5 11. e5 b4 12. exf6 bxc3 13. Qxc3 gxf6 14. Bh4 Rg8 15. Bd3 h5 {[%emt 0:07:15] [#]} ({Black should try} 15... Qb6 $11) 16. f5 e5 $15 {[%emt 0:07:33] Black is slightly better.} (16... Rxg2 $2 17. fxe6 Bxe6 18. Qxc6+ $18) 17. Be4 Rc8 {[%emt 0:00:43] ...Nd4 is the strong threat.} 18. Qe3 {[%emt 0:02:28] Repels Nd4} Nb4 (18... Rxg2 $2 19. Rhg1 Rg4 20. h3 Rxh4 21. Nxh4 $18) ({Black should play} 18... Qc7 $15 19. c3 Nb4) 19. a3 $2 {[%emt 0:06:29] White is on the road to losing.} (19. Be1 $1 $11 d5 20. Bxb4 dxe4 21. Bxe7 Kxe7 22. Nh4 (22. Qxe4 Rxg2 23. c3 Rg4 $15 {[%mdl 64] Deflection})) 19... d5 $1 $19 20. axb4 dxe4 21. Qxe4 (21. Nd2 $17) 21... Rg4 {[%emt 0:07:03][%mdl 64] Skewer} (21... Rxg2 22. c3 Qb6 23. Rxd7 (23. Qd3 $2 Bb5 $19) 23... Kxd7 24. Nxe5+ fxe5 25. Rd1+ Ke8 26. Qxg2 Qh6+ 27. Kb1 Bxh4 28. Qg8+ Qf8 29. Qg2 $15) 22. Qe2 (22. Qb7 $142) 22... Rxb4 {[%emt 0:13:26] And now ...Qa5 would win.} 23. Nxe5 {[%emt 0:07:20] [#]} (23. Qd3 $142 Rc7 24. Nxe5 fxe5 25. Bxe7 Qxe7 26. Rhe1) 23... Qa5 $1 (23... Rxh4 $2 24. Rxd7 (24. Nxd7 Qa5 $18) 24... Qxd7 25. Nxd7 Kxd7 26. Re1 $18) ({Inferior is} 23... fxe5 24. Qxe5 f6 25. Bxf6 $11) 24. Nd3 Rbc4 {[%emt 0:17:17][%cal Bb4c4,Bc4a4,Ba4a1][%mdl 32] ( -> ...Qa1+)} (24... Rxh4 $2 {is the wrong capture.} 25. Rhe1 Qd8 26. g3 $19) 25. Kb1 {[%emt 0:06:17] Prevents Qa1+} Ra4 (25... Rxh4 $2 26. Rhe1 Qd8 27. Ne5 $18) 26. c3 Ra1+ ({Not} 26... Rxh4 27. Rhe1 Qd8 28. g3 $17) 27. Kc2 {[%emt 0:00:05] [#]} Rxc3+ $3 28. bxc3 Qa4+ 29. Kd2 Ra2+ 30. Ke3 Rxe2+ 31. Kxe2 Qxh4 32. Rb1 Qe4+ {[%emt 0:00:29][%mdl 64] Deflection, Double Attack} 33. Kf2 Bb5 (33... Qxd3 $142 34. Rb8+ Bc8 {[%mdl 64] Clearance} 35. Rxc8+ Kd7) 34. c4 Qxd3 {[%emt 0:00:12] A fantastic game!   Weighted Error Value: White=1.44/Black=0.75} 0-1

[Event "1st Bangalore GM-Open-A 2024"]
[Site "Bangalore"]
[Date "2024.01.21"]
[Round "5.22"]
[White "Srihari L"]
[Black "Fawzy, Adham"]
[Result "0-1"]
[ECO "C55"]
[WhiteElo "2288"]
[BlackElo "2522"]
[Annotator "TA"]
[PlyCount "98"]
[EventDate "2024.01.20"]
[EventType "swiss"]
[EventCountry "IND"]
[SourceTitle "playchess.com"]
[Source "ChessBase"]
[SourceQuality "1"]
[TimeControl "5400+30"]

1. e4 e5 2. Nf3 Nc6 3. Bc4 Nf6 4. d3 h6 5. O-O d6 6. a4 g5 7. a5 Bg7 8. Re1 g4 {[%emt 0:03:42] The position is equal.} 9. Nfd2 h5 10. Nf1 h4 11. c3 Nh5 (11... a6 $11) 12. a6 {[%emt 0:05:07] And now axb7 would win.} bxa6 13. Bd5 ({White should try} 13. Bxa6 $16 Rb8 14. Bxc8 Qxc8 15. Na3) 13... Qd7 $14 14. Ne3 (14. Qa4 $5 Bb7 $8 15. Ne3 $14) 14... Nf4 15. Nf5 Nxd5 16. Nxg7+ Kf8 {[%emt 0:00:47] Strongly threatening ...Nde7.} 17. exd5 Ne7 18. d4 {[%emt 0:01:35][%cal Od4e5] dxe5! would be deadly.} (18. Ne6+ $5 fxe6 19. f4 $11) 18... Ng6 {[%emt 0:11:17] [#]} (18... Kxg7 $14 19. dxe5 dxe5) 19. Ne6+ $1 fxe6 $16 20. Qxg4 (20. dxe5 $16 h3 21. exd6 (21. Qxg4 Nxe5 22. dxe6 Qxe6 $11) 21... hxg2 22. Qxg4 (22. dxe6 Qxd6 23. Qxd6+ cxd6 $14) 22... Qxd6 23. Qf3+ (23. Qxg6 $2 Qxh2#) (23. Qxg2 Nh4 $15 {[%mdl 64] Deflection}) 23... Kg7 24. Qxg2) 20... Qf7 $11 21. dxe6 (21. dxe5 {simplifies} Nxe5 22. Qe2 exd5 23. f4) 21... Bxe6 22. Qg5 (22. Qd1 $11 {remains equal.}) 22... Nf4 (22... h3 $17 {aiming for ...Nh4.} 23. Ra5 Re8 24. dxe5 Nxe5 25. Rexe5 (25. Rxa6 $2 Bc4 $19) 25... dxe5) 23. Bxf4 (23. Rxa6 $2 Rh5 $19) 23... Rh5 24. dxe5 (24. Qxh5 $15 Qxh5 25. dxe5) 24... Rxg5 $17 25. Bxg5 Qh5 ({Better is} 25... h3 $1 $15 26. exd6 (26. Rxa6 $2 Qg6 $19) 26... cxd6) 26. f4 (26. Be3 $11) 26... Rb8 27. b4 (27. Rxa6 Rxb2 28. h3 Bd5) 27... Qg4 $1 $40 {[%emt 0:01:59][%mdl 128] Black attacks with force.} 28. h3 (28. Rxa6 $2 h3 29. Kf2 Qxg2+ 30. Ke3 Qxh2 $19) (28. Nd2 $17 Bd5 29. Ne4 Bxe4 30. Rxe4) 28... Qg3 $1 $19 29. Re2 Bxh3 {[%emt 0:03:40] White must now prevent ...Bg4.} 30. exd6 (30. Rxa6 $2 Qd3 31. Raa2 Qxb1+ $19) (30. Nd2 {keeps fighting.} Qxc3 31. Rae1 Qd4+ 32. Rf2) 30... Bg4 (30... Re8 $19 {is more deadly.} 31. Be7+ Kf7) 31. Bh6+ $17 (31. dxc7 $2 Re8 32. Rxe8+ (32. Bh6+ $2 Kf7 $19) 32... Kxe8 $19) 31... Kg8 {[%emt 0:01:39] The board is on fire.} (31... Kf7 $1 $17 32. Re7+ (32. dxc7 $2 Rh8 $19) 32... Kg6 33. dxc7 h3) 32. Ra5 $2 {[%emt 0:02:00][%mdl 8192] Black converts the advantage convincingly.} Kh7 (32... Bxe2 $2 33. Rg5+ Kh7 34. Rxg3 hxg3 35. Bg5 (35. dxc7 $2 Re8 $19) 35... cxd6 36. Bh4) 33. dxc7 Rg8 (33... Bxe2 34. cxb8=Q (34. cxb8=B h3 35. Rg5 Bg4 36. Rg7+ Kxh6 37. Rxg4 Qxg4 38. Kf2 h2 39. Be5 h1=Q) 34... Qe1+ 35. Kh2 Qg3+ 36. Kh1 Qe1+ 37. Kh2 Qg3+ 38. Kh1 Qe1+ 39. Kh2 $11) 34. Rg5 {[%emt 0:05:28] [#]} (34. c8=Q $142 Bxc8 35. Rh5) 34... Rxg5 $1 $19 35. Bxg5 {[%emt 0:00:10][%cal Ob1d2] [#]} h3 $1 36. Rd2 (36. Re7+ {leads to mate.} Kg6 37. f5+ Kxg5 38. Rg7+ Kf4 39. Rxg4+ Qxg4 40. Kf2 Qxg2+ 41. Ke1 h2 42. Nd2 h1=Q+) (36. c8=Q Bxc8 37. Nd2) 36... Qe1+ 37. Kh2 Qxb1 38. gxh3 Bf5 39. Bf6 Qf1 40. Be5 Qxh3+ 41. Kg1 Qe3+ 42. Rf2 Qe1+ 43. Kg2 Be4+ 44. Kh3 Bf5+ ({Less strong is} 44... Qxf2 45. c8=Q (45. c8=R $2 Bf5#) 45... Qf3+ 46. Kh4 Qh1+ 47. Kg5 Qh6+ 48. Kg4 Qg6+ 49. Kh4 Qh6+ 50. Kg3 (50. Kg4 Qg6+ 51. Kh4 Qh6+ 52. Kg3 Qg6+ 53. Kh4 $16) 50... Qg6+ 51. Qg4 $16) 45. Kg2 Kg6 {[%emt 0:00:29] ( -> ...Be4+)} 46. Bd4 Be4+ {[%emt 0:00:32] Black mates.} 47. Kh3 Qh1+ 48. Kg3 Qg1+ 49. Kh4 Bf5 {[%emt 0:00:15] A cool game by Fawzy.   Weighted Error Value: White=0.68/Black=0.42} 0-1

[Event "1st Bangalore GM-Open-A 2024"]
[Site "Bangalore"]
[Date "2024.01.21"]
[Round "5.23"]
[White "Karthikeyan, P.."]
[Black "Das, Sayantan"]
[Result "0-1"]
[ECO "E08"]
[WhiteElo "2287"]
[BlackElo "2514"]
[Annotator "TA"]
[PlyCount "68"]
[EventDate "2024.01.20"]
[EventType "swiss"]
[EventCountry "IND"]
[SourceTitle "playchess.com"]
[Source "ChessBase"]
[SourceQuality "1"]
[TimeControl "5400+30"]

1. d4 d5 2. c4 e6 3. Nf3 Nf6 4. g3 Bb4+ 5. Bd2 Be7 6. Bg2 O-O 7. O-O Nbd7 8. Qc2 c6 9. Rd1 b6 10. Bf4 Bb7 11. Ne5 Nxe5 12. dxe5 Nd7 13. h4 (13. cxd5 $5 cxd5 14. e4 $11) 13... Rc8 {[%emt 0:06:40] The position is equal.} 14. Nc3 b5 15. cxb5 cxb5 {[%emt 0:00:39] aiming for ...b4.} 16. Qd2 b4 {[%emt 0:05:03] [#]} 17. Ne4 dxe4 18. Qxd7 Bd5 19. Qxd8 (19. Qxa7 $5 Bc5 20. Qa4 $15) 19... Rfxd8 20. Bg5 {[%emt 0:05:39] White is on the road to losing.} ({White should play} 20. Rd2 $15) 20... f6 $1 $17 21. exf6 gxf6 22. Be3 Rc2 23. a3 {[%emt 0:03:04] [#]} (23. Rd2 $17 {keeps fighting.} Rxd2 24. Bxd2) 23... b3 $1 $19 (23... Rxb2 24. axb4 Ra8 25. Bh3 $11) 24. Rab1 a6 25. g4 (25. Bb6 $142 Rd6 26. Ba7) 25... Kf7 ({And not} 25... Rxe2 26. Bf1 Rc2 27. Bxa6) 26. Kh2 (26. Rd4 {is a better defense.} Bc5 27. Ra4) 26... Rg8 (26... Rxe2 $2 {perishes.} 27. Kh3 $19) 27. Kh3 h5 {[%emt 0:00:15][%mdl 64] Deflection} (27... Rxe2 $2 {loses.} 28. Bf1 Rc2 29. Rd2 $19) 28. gxh5 (28. g5 {was the only chance.}) 28... f5 {[%emt 0:00:06] Black is clearly winning.} 29. Rd2 Rxd2 30. Bxd2 {[%emt 0:00:02] [#]} Rxg2 $1 31. Kxg2 {[%emt 0:00:12] Strongly threatening Bc3.} e3+ {[%emt 0:00:03][%mdl 64] Discovered Attack} (31... Bxh4 $2 32. Bc3 Kg8 33. Rh1 $18) 32. f3 {[%emt 0:05:53] Bc3 is the strong threat.} exd2 33. Rd1 {[%emt 0:00:01] [#]} Bxa3 $1 {[%emt 0:01:00][%mdl 576] Promotion} 34. Rxd2 Bf8 {[%emt 0:00:33] Weighted Error Value: White=0.40/Black=0.03 (flawless)} 0-1

[Event "1st Bangalore GM-Open-A 2024"]
[Site "Bangalore"]
[Date "2024.01.21"]
[Round "5.24"]
[White "Shyam, Sundar M."]
[Black "Vignesh B"]
[Result "1-0"]
[ECO "B30"]
[WhiteElo "2497"]
[BlackElo "2258"]
[Annotator "TA"]
[PlyCount "115"]
[EventDate "2024.01.20"]
[EventType "swiss"]
[EventCountry "IND"]
[SourceTitle "playchess.com"]
[Source "ChessBase"]
[SourceQuality "1"]
[TimeControl "5400+30"]

1. e4 c5 2. Nf3 Nc6 3. Bc4 e6 4. O-O d5 5. exd5 exd5 6. Re1+ {[%emt 0:00:03] B30: Sicilian: 2...Nc6 3 Bb5, lines without ...g6.} Be7 7. Bb5 Nf6 8. Ne5 {[%emt 0:06:46] The position is equal.} Bd7 9. Bxc6 bxc6 10. d3 $1 O-O {[%emt 0:13:14] [#]} 11. Bg5 $146 ({Predecessor:} 11. Nc3 Rb8 12. b3 Bd6 13. Nf3 Re8 14. Rf1 Qc7 15. h3 d4 16. Nb1 Nd5 17. Re1 {1-0 Jadwisiewiczak,O-Chenska,K Polanica Zdroj op-E 41st 2005 (1)}) 11... Re8 12. Nd2 Rc8 13. Nb3 Bf5 14. Qf3 Be6 15. d4 Ne4 16. Bxe7 Qxe7 17. dxc5 Nxc5 18. Qe3 Nxb3 19. axb3 c5 20. Nd3 Qc7 {[%emt 0:07:59] Prevents Ra5.} 21. Nf4 h6 22. h3 Qd7 ({Black should try} 22... d4 $11 23. Qe5 Qd7 24. Nxe6 Rxe6) 23. Qf3 d4 24. Nxe6 $1 Rxe6 25. Rxe6 fxe6 $14 {[%emt 0:02:13][%mdl 4096] Endgame KQR-KQR} 26. Qd3 Rc6 27. Kf1 Rc7 28. Re1 {[%emt 0:02:17] White is more active.} Qd5 29. Qg6 Re7 (29... Rc6 {with more complications.} 30. Kg1 Rd6 31. Re4 Qf5) 30. Qe4 (30. f4 $14 {might be stronger.}) 30... Qxe4 $11 31. Rxe4 {[%emt 0:00:02] KR-KR} d3 32. Ke1 (32. cxd3 $16 Rb7 33. Rxe6) 32... dxc2 33. Kd2 Kf7 34. Kxc2 Rb7 35. Rc4 Ke7 (35... Rb5 $11) 36. Rxc5 $16 {[%emt 0:00:09][%cal Ob3b4] White stays focused until the end.} Kd6 37. Ra5 g5 {[%emt 0:00:13] [#]} 38. b4 $1 Rf7 {[%emt 0:01:13] [#]} (38... Rxb4 39. Rxa7) 39. f3 $1 Rb7 40. Kc3 Rc7+ 41. Kd4 Rb7 42. Ra6+ Ke7 43. Kc5 Kf6 (43... h5 $16 {keeps fighting.} 44. b5 Rc7+ 45. Rc6 Rb7) 44. b5 $18 {[%emt 0:00:19] Kc6 would be deadly.} Ke5 $2 (44... Ke7 {was called for.} 45. Kc6 Rd7) 45. Kc6 Rf7 46. Ra4 h5 47. Re4+ Kf6 48. b4 e5 49. b6 axb6 50. b5 Ke6 51. Kxb6 Kd5 52. Ka6 Rc7 53. b6 Rc2 54. b7 Kc6 55. Ka7 {[%emt 0:02:00] aiming for Ra4.} (55. b8=R $2 Ra2+) (55. b8=N+ Kd6 $11) (55. Rc4+ $2 Rxc4 56. b8=N+ Kd6 $19) 55... Rxg2 56. Rc4+ (56. b8=R $2 {is a self mate.} Ra2+) (56. Ra4 $142 Rb2 57. b8=Q Rxb8 58. Kxb8 Kd7 59. Re4 Kd6 60. Kb7 g4 61. hxg4 hxg4 62. fxg4) 56... Kd5 57. Ra4 (57. b8=Q $2 {is the wrong capture.} Ra2+ 58. Kb7 (58. Ra4 {gets mated.} Rxa4+ 59. Kb7 Rb4+ 60. Kc8 Rxb8+ 61. Kxb8 e4 62. fxe4+ Kxe4 63. Kc8 g4 64. hxg4 hxg4 65. Kd8 g3 66. Ke8 g2 67. Ke7 g1=Q 68. Kf6 Qd4+ 69. Kg6 Qe5 70. Kh6 Kf5 71. Kh7 Qe7+ 72. Kg8 Kf6 73. Kh8 Qg7#) 58... Rb2+ 59. Kc7 Rxb8 $19) 57... Rb2 58. b8=Q {[%emt 0:00:06] Weighted Error Value: White=0.11 (very precise) /Black=0.57} 1-0

[Event "1st Bangalore GM-Open-A 2024"]
[Site "Bangalore"]
[Date "2024.01.21"]
[Round "5.25"]
[White "Wagh Suyog"]
[Black "Savchenko, Boris"]
[Result "1/2-1/2"]
[ECO "A62"]
[WhiteElo "2266"]
[BlackElo "2489"]
[Annotator "RC"]
[PlyCount "121"]
[EventDate "2024.01.20"]
[EventType "swiss"]
[EventCountry "IND"]
[SourceTitle "playchess.com"]
[Source "ChessBase"]
[SourceQuality "1"]
[TimeControl "5400+30"]

1. d4 Nf6 2. c4 e6 3. g3 c5 4. d5 exd5 5. cxd5 d6 6. Nc3 g6 7. Bg2 Bg7 8. Nf3 O-O 9. O-O Re8 10. Bf4 Bf5 11. Nh4 Bc8 12. Qc1 a6 13. a4 Qc7 14. h3 Nbd7 15. Bh6 Bh8 16. Qc2 Rb8 17. a5 b5 18. axb6 Nxb6 19. Rfd1 Nfd7 20. Nf3 Ne5 21. Nxe5 Bxe5 22. Bc1 Nd7 23. Qa4 Rb4 24. Qc2 Qb8 25. Ra2 Rc4 26. e3 Nb6 27. Kh2 Bd7 28. Bf1 Rb4 29. Rxa6 Qc8 30. f4 Bg7 31. Ra2 Bf5 32. Qf2 h5 33. Nb5 Qd7 34. Ra7 Qd8 35. Ra2 Qd7 36. Ra7 Qd8 37. Ra2 Bb1 38. Ra1 Be4 39. Nc3 Bf5 40. Ra2 Qe7 41. Bd2 Nc4 42. Bxc4 Rxc4 43. Rda1 Rb4 44. Ra7 Rb7 45. Rxb7 Qxb7 46. Bc1 Bxc3 47. bxc3 Qxd5 48. c4 Qxc4 49. Bb2 Qb3 50. Qd2 Kh7 51. Ra7 g5 52. Bc3 Be4 53. fxg5 Rg8 54. Qf2 Bg6 55. Qf6 Qc2+ 56. Kg1 Qb3 57. Re7 Qd5 58. Kf2 Qb3 59. Kg1 Qa2 60. Rb7 Qd5 61. Re7 1/2-1/2

[Event "1st Bangalore GM-Open-A 2024"]
[Site "Bangalore"]
[Date "2024.01.21"]
[Round "5.40"]
[White "Saptarshi, Roy"]
[Black "Ankit Ray"]
[Result "1/2-1/2"]
[ECO "B47"]
[WhiteElo "2322"]
[BlackElo "1912"]
[Annotator "RC"]
[PlyCount "65"]
[EventDate "2024.01.20"]
[EventType "swiss"]
[EventCountry "IND"]
[SourceTitle "playchess.com"]
[Source "ChessBase"]
[SourceQuality "1"]
[TimeControl "5400+30"]

1. e4 c5 2. Nf3 e6 3. d4 cxd4 4. Nxd4 Nc6 5. Nc3 Qc7 6. g3 a6 7. a4 Nf6 8. Bg2 h5 9. b3 b6 10. Nde2 Bb7 11. Bf4 Ne5 12. Qd4 d6 13. h3 Rd8 14. Be3 Nfd7 15. f4 Nc6 16. Qd2 Be7 17. Rd1 Nf6 18. O-O Rc8 19. Qe1 O-O 20. Qf2 Nb4 21. Bxb6 Qb8 22. e5 Bxg2 23. exf6 Bxf6 24. Kxg2 Bd8 25. Kh2 Bf6 26. Kg1 Nxc2 27. Kg2 Be7 28. Kh2 Bf6 29. Kg2 Be7 30. Kh2 Bf6 31. Kg2 Be7 32. Kh2 Bf6 33. Kg2 1/2-1/2

[Event "1st Bangalore GM-Open-A 2024"]
[Site "Bangalore"]
[Date "2024.01.21"]
[Round "6.1"]
[White "Neelash Saha"]
[Black "Gupta, Abhijeet"]
[Result "0-1"]
[ECO "A49"]
[WhiteElo "2446"]
[BlackElo "2605"]
[Annotator "TA"]
[PlyCount "92"]
[EventDate "2024.01.20"]
[EventType "swiss"]
[EventCountry "IND"]
[SourceTitle "playchess.com"]
[Source "ChessBase"]
[SourceQuality "1"]
[TimeControl "5400+30"]

1. b3 Nf6 2. Bb2 g6 3. Nf3 Bg7 4. g3 d6 5. d4 O-O 6. Bg2 b5 {[%emt 0:01:11] A49: 1 d4 Nf6 2 Nf3 g6 3 g3: Anti-King's Indian systems.} 7. O-O Bb7 8. Qd3 a6 {[%emt 0:01:50] The position is equal.} 9. Nbd2 c5 {[%emt 0:06:55] [#]} 10. d5 $146 ({Predecessor:} 10. dxc5 dxc5 11. Qxd8 Rxd8 12. Rfd1 Nbd7 13. a4 Nb6 14. Ne5 Bxg2 15. Kxg2 Ng4 16. Nxg4 Bxb2 {1-0 Dubov,D (2708)-Mamedov,R (2646) Speed Chess Q1 KO blitz 2022 (1.7)}) 10... c4 ({Don't play} 10... Nxd5 11. Bxg7 Kxg7 12. Nh4 $16) 11. bxc4 bxc4 12. Nxc4 Bxd5 13. Nfd2 {[%emt 0:05:49] Prevents Be4} Bxg2 14. Kxg2 Nbd7 15. Nb3 Qc7 16. e4 Rfc8 17. Ne3 Qb7 18. f3 {[%emt 0:02:55] [#]} Ng4 $1 {[%emt 0:18:00][%mdl 64] Discovered Attack} 19. Nxg4 {[%emt 0:08:01] And now Bxg7 would win.} Bxb2 20. Rab1 Bg7 21. c4 Qc6 22. Rfc1 h5 23. Ne3 Ne5 24. Qe2 e6 {[%emt 0:00:54] Against Nd5} 25. Rc2 Rab8 26. Rd1 Bh6 27. c5 dxc5 {[%emt 0:09:56][%mdl 64] Remove Defender} 28. Rxc5 Qb6 29. Nc4 Nxc4 30. Rxc4 Qe3 (30... Qb5 {simplifies} 31. Rxc8+ Rxc8 32. Qxb5 axb5 33. f4 g5) 31. Qc2 Rxc4 32. Qxc4 {[%emt 0:00:06] [#]} a5 $1 {[%emt 0:00:10][%cal Oa5a4] Hoping for ...a4!} 33. Rd2 {[%emt 0:02:21] [#]} (33. Qc2 Bg7) 33... h4 $1 {[%emt 0:01:07] ...Qe1 is the strong threat.} 34. f4 Rb4 $36 {[%emt 0:03:12][%mdl 2048] Black is more active.} 35. Qe2 Qb6 {[%emt 0:04:48] Repels Rd8+} (35... Qxe4+ {simplifies} 36. Qxe4 Rxe4 37. Nxa5 hxg3 38. hxg3 g5) 36. Rc2 {[%emt 0:01:04] [#]} e5 $1 37. f5 $1 gxf5 {[%emt 0:00:40] Threatens to win with ...hxg3.} 38. exf5 Qb7+ 39. Kh3 hxg3 $1 {[%emt 0:00:34] Strongly threatening ...Bg5.} 40. Qxe5 $2 {[%emt 0:00:05][%mdl 8192] Loses the game.} (40. Nxa5 $15 gxh2 41. Qg2+ Qxg2+ 42. Rxg2+ Kf8 43. Rxh2) 40... gxh2 $19 41. Qxh2 Bg5 42. Qg2 Rh4+ 43. Kg3 Qb8+ 44. Kf2 Rh2 {[%emt 0:00:52] ( -> ...Qe5)} 45. Rc8+ Qxc8 46. Qxh2 Qc2+ {[%emt 0:00:43] Weighted Error Value: White=0.47/Black=0.04 (flawless)} 0-1

[Event "1st Bangalore GM-Open-A 2024"]
[Site "Bangalore"]
[Date "2024.01.21"]
[Round "6.2"]
[White "Mitrabha, Guha"]
[Black "Pranav Anand"]
[Result "1-0"]
[ECO "E11"]
[WhiteElo "2504"]
[BlackElo "2513"]
[Annotator "TA"]
[PlyCount "195"]
[EventDate "2024.01.20"]
[EventType "swiss"]
[EventCountry "IND"]
[SourceTitle "playchess.com"]
[Source "ChessBase"]
[SourceQuality "1"]
[TimeControl "5400+30"]

1. d4 Nf6 2. c4 e6 3. Nf3 d5 4. g3 Bb4+ 5. Bd2 Be7 6. Bg2 O-O 7. O-O Nbd7 8. Bc3 b6 9. cxd5 exd5 10. Ne5 Bb7 11. Nd2 Re8 12. Rc1 Nf8 13. Qa4 Bd6 14. Ndc4 a6 (14... a5 $5 ) 15. Qc2 Be7 16. Ne3 Ne6 17. Rfd1 Bf8 18. Be1 c5 19. dxc5 Bxc5 (19... bxc5 $5 20. Nd3 Qb8 $11) 20. Nf5 Rc8 (20... Bf8 {simplifies} 21. Nc6 Qc7 22. Nb4 Qxc2 23. Nxc2 Rad8) 21. Qb1 Ng5 22. Nd3 Qd7 23. b4 d4 (23... Rxe2 $2 24. Nxc5 (24. Nf4 d4 $11) 24... bxc5 25. bxc5 $18) (23... Bf8 $11 24. Rxc8 Bxc8) 24. h4 $16 (24. bxc5 $2 {too greedy.} Bxg2 25. Bd2 (25. Nd6 $2 Bd5 $19) 25... Qxf5 $17) (24. Nxc5 $2 {is the wrong capture.} bxc5 25. Qc2 (25. Bxb7 $2 Qxb7 26. h4 Nh3+ 27. Kh2 h5 $19) 25... Bxg2 26. Kxg2 g6 $19) (24. Bxb7 Qxb7 25. Nf4 (25. bxc5 $2 Nh3+ 26. Kf1 Qh1#) 25... Nh5 $14) 24... Bxg2 (24... Qxf5 $2 25. Bxb7 Nh3+ 26. Kg2 $18) 25. hxg5 Ba8 26. Nxc5 bxc5 27. gxf6 Be4 28. Qb2 (28. Nh6+ $1 $16 gxh6 29. Qb2) 28... Qxf5 29. f3 Ba8 30. Rxc5 $1 Rxc5 31. bxc5 Qxc5 32. Bf2 Qe5 33. Qxd4 (33. fxg7 {with more complications.} Qxe2 34. Qxe2 Rxe2 35. Bxd4 Bxf3 36. Rb1) 33... Qxf6 34. Qxf6 gxf6 35. g4 Kg7 36. Kf1 Bc6 37. e4 h5 38. gxh5 Rh8 (38... f5 $11) 39. Rd6 $16 Bb5+ 40. Kg2 Rxh5 41. Bd4 Rg5+ 42. Kf2 Rg6 43. Ke3 Rh6 44. Bc3 Rg6 45. Rd4 Rh6 46. a4 Bc6 47. a5 Bb5 48. Rd5 Kf8 49. Rd6 Ke7 50. Bb4 Ke8 51. Bc3 Ke7 52. e5 Rg6 53. Bb4 Ke8 54. exf6 Rg2 55. Rd4 (55. Rd5 $5 ) 55... Re2+ 56. Kf4 Rc2 57. Re4+ Kd8 58. Be7+ Kc7 59. Re1 Bc4 60. Bc5 Kc6 61. Bb6 Kb5 62. Re5+ Kb4 63. Re4 Re2 64. Rd4 Kc3 65. Rd7 Rd2 66. Rc7 Kb4 67. Rc8 Rd3 68. Ke4 Rd2 69. f4 Re2+ 70. Kf3 Rc2 71. Rb8 Kc3 72. Bc7 Kd4 73. Be5+ Kc5 74. Kg4 Rg2+ 75. Kh5 Ra2 76. Kh6 Rg2 $1 77. Kh7 Bd3+ 78. Kh8 Bc4 79. Rb6 Rg4 80. Rb2 Rg6 81. Rh2 Kb4 82. Rh7 Rg1 83. Rg7 Rd1 $1 84. Rg2 Kxa5 85. Kg7 Kb5 $2 (85... Rd7 $1 $11 {and Black stays safe.}) 86. Rb2+ $18 Kc5 (86... Ka4 $142 87. Rb7 Rd8 88. Rxf7 Bd5) 87. Rb7 $1 $18 a5 88. Rc7+ Kb5 89. Rxc4 Kxc4 90. Kxf7 Rd8 91. Ke7 Ra8 92. f7 Kd5 93. f8=Q Rxf8 94. Kxf8 Ke6 95. Kg7 $1 Kf5 {[%emt 0:00:29] [#]} 96. Kh6 $1 a4 {[%emt 0:00:04] [#]} 97. Kh5 $1 a3 98. Kh4 1-0

[Event "1st Bangalore GM-Open-A 2024"]
[Site "Bangalore"]
[Date "2024.01.21"]
[Round "6.3"]
[White "Sethuraman, S.P."]
[Black "Tahbaz, Arash"]
[Result "1-0"]
[ECO "B48"]
[WhiteElo "2594"]
[BlackElo "2425"]
[Annotator "TA"]
[PlyCount "63"]
[EventDate "2024.01.20"]
[EventType "swiss"]
[EventCountry "IND"]
[SourceTitle "playchess.com"]
[Source "ChessBase"]
[SourceQuality "1"]
[TimeControl "5400+30"]

1. e4 c5 2. Nf3 e6 3. d4 cxd4 4. Nxd4 Nc6 5. Nc3 Qc7 6. Be3 a6 7. Qd2 Nf6 8. O-O-O Be7 {[%emt 0:00:15] is recently more successful than 8...Bb4. B48: Sicilian: Taimanov: 5 Nc3 Qc7 6 Be3 a6 without Be2.} 9. f3 b5 10. g4 Nxd4 {[%emt 0:00:06] The position is equal.} 11. Bxd4 Bb7 12. Kb1 O-O 13. Rg1 Rac8 14. Qf2 Bc6 15. Bd3 $36 {[%emt 0:05:13][%mdl 2048] White has the initiative.} b4 16. e5 {[%emt 0:08:06] [#]} Nd5 $146 (16... bxc3 $2 17. exf6 Bxf6 18. Bxf6 $18) (16... Ne8 $1 $11 17. Ne2 Bb5) ({Predecessor:} 16... Ne8 17. Ne4 f6 18. exf6 Nxf6 19. Qh4 Bxe4 20. fxe4 Nd5 21. Qh5 Nf4 22. Qe5 Qxe5 23. Bxe5 {½-½ Muljadi,P (2425)-Quinones Borda,J (2435) WZ-ch C03 email 2019}) 17. Nxd5 $14 Bxd5 18. f4 Bc4 19. Bb6 Qb7 20. Rg3 $1 {[%emt 0:00:17][%cal Od3h7] Threatens to win with Bxh7+!} Bh4 $2 {[%emt 0:08:03][%mdl 8192] [#]} (20... h6 $14) 21. Bxh7+ $1 $18 Kh8 {[%emt 0:00:08][%cal Oh4g3] [#]} 22. Be4 $1 {[%emt 0:02:10][%mdl 512] Rh3 would kill now.} Qxe4 (22... Bxg3 23. Qg2) 23. Rh3 Kg8 24. Qxh4 f6 25. Qh8+ (25. Rxd7 Qh1+) (25. exf6 $142 Qxc2+ {[%mdl 64] Decoy} 26. Kxc2 Bxa2+ 27. Kd2 Kf7 28. fxg7 Rg8 29. Rc1 {[%mdl 64] Deflection} Rxc1 30. Bd8) 25... Kf7 {[%emt 0:00:04] Black is weak on the dark squares} 26. Rxd7+ Ke8 {[%emt 0:00:01] [#]} 27. Qxf8+ $3 {[%emt 0:00:02][%mdl 576] Double Attack} Kxd7 28. Qd6+ (28. Qxb4 $2 Qh1+) (28. Qxg7+ Kc6 29. b3 (29. Be3 $2 b3 $19 {[%mdl 64] Decoy}) 29... Bxb3 30. Rxb3 (30. axb3 $2 Kxb6 31. Rd3 Qe2 $19) 30... Kxb6 $11) 28... Ke8 29. Rh8+ (29. Qxb4 $2 Qh1+) 29... Kf7 30. Qd7+ (30. Rxc8 $2 {leads to mate.} Qe1+) 30... Kg6 {[%emt 0:00:03][%mdl 1024] ( -> ...Qe1+). Black has strong compensation.} 31. f5+ (31. Qxc8 $2 Qe1#) 31... Kg5 32. Qd2+ {[%emt 0:00:44] Ingenious play by Sethuraman!   Weighted Error Value: White=0.05 (flawless) /Black=0.75} (32. Qxc8 $2 Qe1#) ({Not} 32. Qxg7+ Kf4 33. Qh6+ (33. Rxc8 $2 Qe1#) (33. Be3+ $2 Kxe3 34. Qh6+ Ke2 $19) 33... Kxe5 $11) 1-0